 Dungeon Crawl Stone Soup version 0.32-a0-468-g38b2580 (webtiles) character file.

Game seed: 10763776626571054567

524 Dorkslayer the Ruffian (level 6, -3/51 HPs)
             Began as a Demigod Fighter on Feb 24, 2024.
             Slain by an ogre
             ... wielding a +0 giant spiked club
              (12 damage)
             ... on level 5 of the Dungeon.
             The game lasted 00:09:43 (2949 turns).

Dorkslayer the Ruffian (Demigod Fighter)            Turns: 2949, Time: 00:09:43

Health: -3/51      AC: 10    Str: 25    XL:     6   Next: 70%
Magic:  8/8        EV:  9    Int: 10    God:
Gold:   196        SH:  5    Dex: 19    Spells: 5/5 levels left

rFire   . .          .
                       - Unarmed
rCold   . . .        b - +0 buckler
rNeg    . . .        t - +0 chain mail
rPois   .            (no helmet)
rElec   .            s - +0 cloak
rCorr   .            (no gloves)
SInv    +            (no boots)
Will    .....        (no amulet) Stlth
                     f - ring of see invisible
HPRegen 0.28/turn    u - +6 ring of dexterity
MPRegen 0.11/turn

%: no passive effects
@: no status effects
A: high MP 1, forlorn, divine attributes
a: no special abilities


You were on level 5 of the Dungeon.
You visited 1 branch of the dungeon, and saw 5 of its levels.

You collected 196 gold pieces.

Inventory:

Hand Weapons
 d - a +0 mace
Missiles
 i - 5 javelins (quivered)
 p - a boomerang
Armour
 b - a +0 buckler (worn)
 h - a +0 tower shield
 s - a +0 cloak (worn)
 t - a +0 chain mail (worn)
Jewellery
 f - a ring of see invisible (left hand)
 u - a +6 ring of dexterity (right hand)
Talismans
 o - a maw talisman
Scrolls
 e - a scroll of poison
 g - 3 scrolls of silence
 k - a scroll of revelation
 l - a scroll of enchant armour
 m - a scroll of fear {unknown}
 n - 2 scrolls of immolation
Potions
 a - a potion of enlightenment
 q - a potion of mutation
 r - a potion of curing


   Skills:
 + Level 3.3 Fighting
 + Level 3.7 Armour
 * Level 2.4 Dodging
 + Level 0.6 Stealth
 + Level 3.6 Shields
 + Level 4.0 Unarmed Combat
 * Level 2.0 Shapeshifting


You had 5 spell levels left.
You didn't know any spells.
Your spell library contained the following spells:

 Spells                   Type           Power      Damage    Failure   Level
 Apportation              Tloc           0%         N/A       93%         1
 Foxfire                  Conj/Fire      0%         2x1d4     93%         1
 Blink                    Tloc           0%         N/A       98%         2
 Ensorcelled Hibernation  Hex/Ice        0%         N/A       98%         2
 Lesser Beckoning         Tloc           0%         N/A       98%         2
 Momentum Strike          Conj/Tloc      0%         3d8       98%         2
 Passwall                 Erth           0%         N/A       100%        3
 Swiftness                Air            0%         N/A       100%        3
 Plasma Beam              Fire/Air       0%         2x1d10    100%        6
 Starburst                Conj/Fire      0%         6d3       100%        6


Dungeon Overview and Level Annotations

Branches:
Dungeon (5/15)             Temple (0/1) D:5


Innate Abilities, Weirdness & Mutations

You have an increased reservoir of magic. (+10% MP)
You shall have no god before yourself.
Your divine heritage dramatically boosts your attributes as you level up.


Message History

The iguana is severely wounded.
The iguana barely misses you.
You punch the iguana!
You kill the iguana!
You hit the bombardier beetle.
The bombardier beetle is lightly wounded.
You barely miss the bombardier beetle.
The bombardier beetle is lightly wounded.
The bombardier beetle bites you but does no damage.
You hit the bombardier beetle.
The bombardier beetle is heavily wounded.
You punch the bombardier beetle!
You kill the bombardier beetle!
Your Unarmed Combat skill increases to level 4!
Your Shapeshifting skill increases to level 2!
You see here a bombardier beetle corpse.
An ogre comes into view. It is wielding a +0 giant spiked club.
Found a staircase to the Ecumenical Temple.
The ogre shouts!
You hit the ogre.
The ogre is lightly wounded.
The ogre hits you with a +0 giant spiked club!!
You hit the ogre.
The ogre is moderately wounded.
The ogre completely misses you.
You punch the ogre!
The ogre is severely wounded.
You hit the ogre.
The ogre is severely wounded.
The ogre hits you but does no damage.
You hit the ogre.
The ogre is almost dead.
The ogre hits you with a +0 giant spiked club!
* * * LOW HITPOINT WARNING * * *
You hit the ogre.
The ogre is almost dead.
You hit the ogre but do no damage.
The ogre is almost dead.
The ogre hits you with a +0 giant spiked club!
You die...

.. #. .. #.# #.#
#.# #.. ##...#.>.
#... ##...#.#.#
#..# ##..#..#.#
#...##...#...#.#.
#..#....@O......
#..........###..
##.....##..#
##.....## #.#
...#.....## ##
#......†..#
..#....#..##
#...##...# #..#
##..##


You could see an ogre.

Vanquished Creatures
  Duvessa (D:4)
  A black bear (D:4)
  Dowan (D:4)
  2 bombardier beetles
  A jelly (D:3)
  A hound (D:4)
  An iguana (D:5)
  Robin (D:4)
  A gnoll (D:1)
  3 adders
  3 ribbon worms
  3 dart slugs
  11 orcs
  2 bats (D:2)
  6 endoplasms
  2 giant cockroaches
  13 goblins
  6 hobgoblins
  3 jackals (D:1)
  2 quokkas
  5 ball pythons
  A frilled lizard (D:3)
  2 kobolds (D:2)
  7 rats
79 creatures vanquished.

Notes
Turn   | Place    | Note
-------+----------+-------------------------------------------
     0 | D:1      | Dorkslayer the Demigod Fighter began the quest for the Orb.
     0 | D:1      | Reached XP level 1. HP: 18/18 MP: 3/3
   359 | D:1      | Reached XP level 2. HP: 3/25 MP: 4/4
   668 | D:2      | Reached skill level 2 in Unarmed Combat
   680 | D:2      | Reached XP level 3. HP: 26/31 MP: 5/5
   894 | D:2      | Reached skill level 1 in Dodging
  1426 | D:3      | Got Sif Muna's Volume of the Geodesic
  1530 | D:3      | Reached XP level 4. HP: 23/38 MP: 6/6
  2454 | D:4      | Noticed Duvessa
  2454 | D:4      | Noticed Dowan
  2469 | D:4      | Killed Duvessa
  2470 | D:4      | Reached skill level 3 in Unarmed Combat
  2470 | D:4      | Reached skill level 1 in Shapeshifting
  2470 | D:4      | Reached XP level 5. HP: 16/45 MP: 7/7
  2489 | D:4      | Killed Dowan
  2633 | D:4      | Reached XP level 6. HP: 51/51 MP: 8/8
  2640 | D:4      | Noticed Robin
  2650 | D:4      | Killed Robin
  2907 | D:5      | Entered Level 5 of the Dungeon
  2936 | D:5      | Reached skill level 4 in Unarmed Combat
  2939 | D:5      | Found a staircase to the Ecumenical Temple.
  2949 | D:5      | Slain by an ogre

Illustrated notes

Levels and vault maps discovered:
D:1:      matt_arrival_los_fun, layout_basic
D:2:      layout_rooms
D:3:      layout_basic, grunt_temple_overflow_magic_moments, minivault_11
D:4:      layout_rooms, jmf_multi_god_temple2, uniq_duvessa, uniq_robin
D:5:      layout_rooms, okawaru_metal_pillars_3, mainiacjoe_overflow_alcove_1,
          minmay_temple_entry_grid, grunt_decor_resistance, minmay_crossroads

Skill      XL: |  1  2  3  4  5  6 |
---------------+-------------------+-----
Shields        | 3 |  3.6
Unarmed Combat | 2 3 4 |  4.0
Fighting       | 3 |  3.3
Armour         | 3 |  3.7
Dodging        | 1 2 |  2.4
Shapeshifting  | 1 2 |  2.0
Stealth        | |  0.6

Action                     |  1- 3 |  4- 6 || total
---------------------------+-------+-------++-------
  Melee: Unarmed           |   176 |   172 ||   348
    Use: Potion            |     2 |     3 ||     5
         Scroll            |     2 |    10 ||    12
 Armour: Scale mail        |    96 |     3 ||    99
         Chain mail        |       |    99 ||    99
  Dodge: Dodged            |    60 |    60 ||   120
  Block: Buckler           |    40 |    42 ||    82

Table legend: (Time is in decaauts)
 A = Elapsed time spent in this place.
 B = Non-inter-level travel time spent in this place.
 C = Inter-level travel time spent in this place.
 D = Time resting spent in this place.
 E = Time spent auto-exploring this place.
 F = Levels seen in this place.
 G = Mean time per level.
                   A        B        C        D        E       F      G
               +--------+--------+--------+--------+--------+-----+--------+
         Total |   2940 |   2940 |      0 |      0 |   1386 |   5 |  588.0 |
       Dungeon |   2940 |   2940 |      0 |      0 |   1386 |   5 |  588.0 |
               +--------+--------+--------+--------+--------+-----+--------+

Top non-repeatable levels by time:
     D:3: 1160 daAuts
     D:4: 664 daAuts
     D:1: 649 daAuts
     D:2: 425 daAuts
     D:5: 40 daAuts
